 Dungeon Crawl Stone Soup version 0.29-a0-397-g846e4a0bbc (webtiles) character file.

Game seed: 7173352312156330134

134908 thiscave3701365 the Executioner (level 16, -3/169 (172) HPs)
             Began as a Minotaur Berserker on May 11, 2022.
             Was the Champion of Trog.
             Constricted to death by a shambling mangrove (17 damage)
             ... on level 1 of the Swamp.
             The game lasted 00:59:43 (42364 turns).

thiscave3701365 the Executioner (MiBe)             Turns: 42364, Time: 00:59:44

HP:   -3/169 (172)  AC: 35    Str: 29    XL:     16   Next: 63%
MP:   15/15         EV: 10    Int:  7    God:    Trog [******]
Gold: 947           SH:  0    Dex: 15    Spells: 15/15 levels left

rFire   + . .      SeeInvis +   L - +5 executioner's axe (flame)
rCold   . . .      Faith    .   (shield currently unavailable)
rNeg    . . .      Spirit   .   v - +18 Lear's hauberk
rPois   .          Reflect  .   (helmet currently unavailable)
rElec   .          Harm     .   P - +2 cloak
rCorr   .          Rampage  .   (gloves currently unavailable)
Will    +....                   (boots currently unavailable)
Stlth   +.........              V - amulet of Vitality {Regen+ HP+15}
HPRegen 1.18/turn               T - ring "Imoerphe" {Drain rF+ Int+3 Dex+4 Stlth+}
MPRegen 0.14/turn               h - ring of see invisible

@: about to teleport, marked, grasped by roots, on berserk cooldown, slowed,
constricted, lightly drained, very slow
A: horns 2, retaliatory headbutt
a: Renounce Religion, Berserk, Trog's Hand, Brothers in Arms


You were on level 1 of the Swamp.
You worshipped Trog.
Trog was exalted by your worship.
You visited 6 branches of the dungeon, and saw 26 of its levels.
You also visited: Bailey and Ice Cave.

You collected 2739 gold pieces.
You spent 1792 gold pieces at shops.

Inventory:

Hand Weapons
 x - a +6 double sword of holy wrath
 D - a +1 demon whip of venom
 H - the +8 hunting sling "Upeywiji" {venom, rC+ rCorr Int+3 Stlth+}
   (You took it off a centaur warrior on level 10 of the Dungeon)

   Any ammunition fired from it poisons the flesh of those it strikes.
   Int:       It affects your intelligence (+3).
   rC:        It protects you from cold.
   rCorr:     It protects you from acid and corrosion.
   Stlth:     It makes you more stealthy.
 L - a +5 executioner's axe of flaming (weapon)
 U - the +4 flail of Gehenna {venom, rElec rPois rCorr}
   (You found it on level 6 of the Lair of Beasts)

   It poisons the flesh of those it strikes.
   rElec:     It insulates you from electricity.
   rPois:     It protects you from poison.
   rCorr:     It protects you from acid and corrosion.
Armour
 e - a +2 pair of gloves
 v - the +18 Lear's hauberk (worn)
   (You found it on level 10 of the Dungeon)
 B - a +2 hat of willpower
 F - +2 fire dragon scales
 P - a +2 cloak (worn)
 S - a +2 tower shield of cold resistance
Jewellery
 h - a ring of see invisible (right hand)
 j - a +4 ring of protection
 u - an amulet of the acrobat
 w - a +4 ring of protection
 y - a +6 ring of dexterity
 G - the amulet "Zoywuwkol" {Spirit Will++}
   (You took it off a deep elf pyromancer on level 10 of the Dungeon)

   [amulet of guardian spirit]

   It causes incoming damage to be divided between your reserves of health and
   magic.
   Will:      It greatly increases your willpower.
 T - the ring "Imoerphe" (left hand) {Drain rF+ Int+3 Dex+4 Stlth+}
   (You bought it in a shop on level 1 of the Elven Halls)

   [ring of protection from fire]

   Int:       It affects your intelligence (+3).
   Dex:       It affects your dexterity (+4).
   rF:        It protects you from fire.
   Drain:     It drains your maximum health when unequipped.
   Stlth:     It makes you more stealthy.
 V - the amulet of Vitality (around neck) {Regen+ HP+15}
   (You bought it in a shop on level 1 of the Elven Halls)

   [amulet of regeneration]

   HP:        It affects your health (+15).
   Regen:     It increases your rate of health regeneration.
Wands
 l - a wand of mindburst (4)
 q - a wand of polymorph (35)
 r - a wand of charming (13)
 A - a wand of iceblast (32)
 C - a wand of paralysis (3)
 Q - a wand of flame (17)
 Y - a wand of acid (12)
Scrolls
 b - 6 scrolls of fear
 k - 4 scrolls of poison
 m - 6 scrolls of magic mapping
 o - 13 scrolls of teleportation
 K - 3 scrolls of blinking
 M - 4 scrolls of fog
 O - 4 scrolls of identify
 R - 3 scrolls of enchant armour
 W - a scroll of enchant weapon
 Z - 3 scrolls of summoning
Potions
 a - 4 potions of haste
 c - 8 potions of magic
 d - 12 potions of curing
 f - 7 potions of attraction
 g - 5 potions of mutation
 i - 5 potions of heal wounds
 n - 7 potions of lignification
 p - 3 potions of brilliance
 s - 4 potions of berserk rage
 t - 2 potions of cancellation
 z - 3 potions of might
 E - 3 potions of flight
 N - 3 potions of ambrosia
 X - a potion of resistance
Miscellaneous
 I - a condenser vane
 J - a phantom mirror


   Skills:
 + Level 17.8 Fighting
 + Level 24.9 Axes
 + Level 3.0 Slings
 + Level 15.3 Armour
 + Level 8.3 Dodging
 + Level 5.2 Stealth


You had 15 spell levels left.
You didn't know any spells.
Your spell library was empty.

Dungeon Overview and Level Annotations

Branches:
Dungeon (15/15)            Temple (1/1) D:5            Lair (6/6) D:10
  Swamp (1/4) Lair:4        Snake (0/4) Lair:3        Slime (0/5) Lair:6
    Orc (2/2) D:10            Elf (1/3) Orc:2        Vaults (0/5) D:13
 Depths (0/4) D:15         Bailey (visited)           IceCv (visited)

Altars:
Ashenzari
Cheibriados
Dithmenos
Elyvilon
Fedhas
Gozag
Hepliaklqana
Kikubaaqudgha
Makhleb
Nemelex Xobeh
Okawaru
Qazlal
Ru
Sif Muna
Trog
Uskayaw
Vehumet
Wu Jian
Xom
Yredelemnul
Zin
The Shining One
Beogh
Jiyva

Shops:
D:9 [   D:10 [(   D:12 =   Orc:1 *   Orc:2 =[(=**   Elf:1 =

Portals:
Trove: D:14 (give 14 potions of heal wounds)


Innate Abilities, Weirdness & Mutations

You have a pair of horns on your head.
You reflexively headbutt those who attack you in melee.


Message History

The swamp worm fires a harpoon shot at you.
The harpoon shot hits you but does no damage.
The shambling mangrove barely misses you.
The grasping roots constrict you!
* * * LOW HITPOINT WARNING * * *
The bog body gestures at you while chanting.
You feel as though you will be slow longer.
You slash the shambling mangrove! You burn the shambling mangrove.
The shambling mangrove is lightly damaged.
You chop the bog body into pieces!!! You burn the bog body.
You destroy the bog body!
Trog accepts your kill.
Trog appreciates your killing of a magic user.
The shambling mangrove hits you!
* * * LOW HITPOINT WARNING * * *
The grasping roots constrict you.
The alligator puts on a burst of speed!
You hit the shambling mangrove. You burn the shambling mangrove.
You headbutt the shambling mangrove, but do no damage.
The shambling mangrove is moderately damaged.
The swamp worm fires a harpoon shot at you.
The harpoon shot hits you but does no damage.
The shambling mangrove completely misses you.
The grasping roots constrict you.
You slash the shambling mangrove! You burn the shambling mangrove.
The shambling mangrove is heavily damaged.
You closely miss the alligator. The alligator barely misses you.
The alligator tail-slaps you but does no damage.
The alligator bites you!
* * * LOW HITPOINT WARNING * * *
The alligator tail-slaps you but does no damage.
As you read the scroll of teleportation, it crumbles to dust.
You feel strangely unstable.
The swamp worm fires a harpoon shot at you.
The harpoon shot hits you!
* * * LOW HITPOINT WARNING * * *
You are yanked forward by the harpoon shot.
The shambling mangrove hits you.
* * * LOW HITPOINT WARNING * * *
The grasping roots constrict you!
You die...

....≈....≈ ... .........≈
≈..... ♣........ ≈≈....
♣♣♣.....[♣♣ ≈≈....
♣.....$.≈.♣♣
≈.≈.$.♣♣♣..†......♣♣♣
≈...............≈..≈♣♣ ♣♣
.≈.......)t........?≈♣♣..
♣≈.....w@.t.w♣♣...≈≈≈....
≈......≈f/..♣♣♣....≈≈≈...
♣♣♣≈.≈).≈.♣♣♣♣≈≈≈≈≈≈≈≈§≈≈
♣♣...≈...♣ ♣.≈≈≈§≈..≈♣
♣..♣.§≈.♣♣ ♣♣.†≈≈≈≈≈≈♣♣
♣...♣.≈≈.♣ ♣≈≈≈..†.....
..≈. ♣..≈♣♣♣ ♣♣...♣♣≈≈§..
≈≈≈ ♣♣♣♣≈.≈♣ ♣.<♣♣≈≈≈.?.
≈≈. ♣§..≈≈≈♣♣ ♣♣♣♣≈.≈≈≈..


You could see a shambling mangrove, 2 alligators and 2 swamp worms.

Vanquished Creatures
  Jorgrun (D:14)
  Frances (D:13)
  Gastronok (D:8)
  Louise (D:14)
  A reaper (IceCv)
  Nessos (D:13)
  A deep elf annihilator (Elf:1)
  A deep elf demonologist (Elf:1)
  The ghost of Fugryada the Unseen, a journeyman VSEn of Fedhas (D:13)
  3 eleionomae (Swamp:1)
  2 bunyips (Swamp:1)
  A deep elf death mage (Elf:1)
  An ettin (D:13)
  A rakshasa (D:15)
  A great orb of eyes (D:15)
  Fannar (D:10)
  A boulder beetle (Lair:3)
  Erolcha (D:10)
  A ghost crab (Swamp:1)
  7 two-headed ogres
  8 hydras
  10 centaur warriors
  3 ogre magi
  A catoblepas (Lair:4)
  An orc high priest (Orc:2)
  5 dancing weapons (Elf:1)
  Urug (Orc:1)
  Sonja (D:11)
  2 deep elf knights (Elf:1)
  Amaemon (D:8)
  A goliath frog (Swamp:1)
  A swamp dragon (Swamp:1)
  3 deep elf archers (Elf:1)
  A goliath frog (shapeshifter) (D:15)
  A wizard (D:15)
  A lindwurm (Lair:6)
  8 deep elf zephyrmancers (Elf:1)
  4 bog bodies
  14 deep elf pyromancers
  A wolf spider (D:10)
  3 orc knights
  An orc sorcerer (Orc:2)
  14 ugly things
  5 cyclopes
  13 elephants (Lair:6)
  4 manticores
  5 black mambas
  2 ice statues (IceCv)
  A gargoyle (D:12)
  A torpor snail (Lair:3)
  17 cane toads
  3 unseen horrors
  An orange demon (D:8)
  Maggie (D:6)
  A rime drake (Lair:6)
  2 anaconda simulacra (IceCv)
  A kobold demonologist (D:12)
  2 tengu conjurers (D:13)
  4 yaktaurs
  11 komodo dragons
  6 ice devils
  Psyche (D:8)
  An entropy weaver simulacrum (IceCv)
  3 meliai (D:14)
  6 polar bears
  6 trolls
  A hornet (shapeshifter) (D:14)
  8 hornets
  7 dream sheep (Lair:6)
  25 slime creatures
  11 blink frogs
  18 spriggans
  2 dire elephant simulacra (IceCv)
  A shadow (D:13)
  72 yaks
  A wraith (D:10)
  3 wyverns
  4 basilisks
  Grum (D:9)
  4 steam dragons
  3 wargs
  Menkaure (D:6)
  5 harpy simulacra (IceCv)
  5 vampire mosquitoes
  4 swamp worms
  3 nagas (Lair:3)
  4 acid dragons
  13 water moccasins
  A swamp drake (Swamp:1)
  5 black bears
  A sky beast (D:7)
  A black bear (shapeshifter) (D:14)
  31 orc warriors
  31 wolves
  5 boggarts
  23 ogres
  32 centaurs
  8 kobold brigands
  Blork the orc (D:6)
  15 bullfrogs
  2 gnoll sergeants
  An earth elemental (Elf:1)
  A necrophage (D:5)
  6 scorpions
  8 wights
  12 killer bees
  An elephant simulacrum (IceCv)
  2 electric eels
  3 howler monkeys
  3 hounds
  2 jellies (Lair:6)
  9 orc priests
  2 gnoll shamans
  2 iguanas
  22 orc wizards
  A troll simulacrum (IceCv)
  A wolf simulacrum (IceCv)
  5 adders
  12 gnolls
  A naga simulacrum (IceCv)
  3 ufetubi
  5 worms
  3 dart slugs
  57 orcs
  11 ball pythons
  5 endoplasms
  4 giant cockroaches
  9 hobgoblins
  5 jackals (D:1)
  A quokka (D:3)
  7 bats
  11 frilled lizards
  11 goblins
  25 kobolds
  4 rats
  4 bushes (Lair:2)
823 creatures vanquished.

Vanquished Creatures (others)
  An angel (D:6)
  44 fungi
  101 plants
146 creatures vanquished.

Grand Total: 969 creatures vanquished

Notes
Turn   | Place    | Note
-------+----------+-------------------------------------------
     0 | D:1      | thiscave3701365 the Minotaur Berserker began the quest for
                  | the Orb.
     0 | D:1      | Reached XP level 1. HP: 19/19 MP: 0/0
   162 | D:1      | Reached XP level 2. HP: 19/27 MP: 1/1
   524 | D:1      | Reached skill level 4 in Axes
   844 | D:1      | Reached XP level 3. HP: 28/33 MP: 2/2
   844 | D:1      | Reached ** piety under Trog
  1584 | D:2      | Found a faded altar of an unknown god.
  2412 | D:3      | Reached XP level 4. HP: 40/40 MP: 3/3
  2819 | D:3      | Found a burning altar of Makhleb.
  2831 | D:3      | Found a basalt altar of Yredelemnul.
  2867 | D:3      | Noticed a scorpion
  2871 | D:3      | Killed a scorpion
  2872 | D:3      | Reached skill level 5 in Axes
  3208 | D:4      | Noticed a black bear
  3212 | D:4      | Killed a black bear
  3213 | D:4      | Reached skill level 1 in Stealth
  3213 | D:4      | Reached XP level 5. HP: 47/47 MP: 4/4
  3405 | D:4      | Reached skill level 5 in Fighting
  3405 | D:4      | Reached skill level 6 in Axes
  3443 | D:4      | Reached XP level 6. HP: 56/56 MP: 5/5
  3654 | D:4      | Found Pobehig's Jewellery Boutique.
  3847 | D:4      | Reached *** piety under Trog
  4025 | D:5      | Entered Level 5 of the Dungeon
  4061 | D:5      | Killed an unseen horror
  4062 | D:5      | Reached skill level 7 in Axes
  4062 | D:5      | Reached XP level 7. HP: 8/61 MP: 6/6
  4658 | D:5      | Found a staircase to the Ecumenical Temple.
  5150 | D:5      | Reached skill level 8 in Axes
  5293 | D:5      | Reached XP level 8. HP: 71/71 MP: 7/7
  5450 | D:5      | Reached skill level 9 in Axes
  5523 | D:5      | Reached skill level 5 in Dodging
  6559 | D:6      | Noticed Menkaure
  6805 | D:6      | Killed Menkaure
  7072 | D:6      | Noticed Maggie
  7078 | D:6      | Killed Maggie
  7079 | D:6      | Reached skill level 10 in Axes
  7079 | D:6      | Reached XP level 9. HP: 63/79 MP: 8/8
  7172 | D:6      | Killed an angel
  7362 | D:6      | Found a shimmering altar of Xom.
  7363 | D:6      | Found a glowing silver altar of Zin.
  7600 | D:6      | Noticed Blork the orc
  7604 | D:6      | Killed Blork the orc
  8315 | D:7      | Reached skill level 11 in Axes
  8315 | D:7      | Reached skill level 5 in Armour
  8629 | D:7      | Found a sacrificial altar of Ru.
  9179 | D:7      | Found a broken altar of Ashenzari.
  9583 | D:8      | Noticed Gastronok
  9594 | D:8      | Killed Gastronok
  9595 | D:8      | Reached skill level 12 in Axes
  9595 | D:8      | Reached XP level 10. HP: 88/88 MP: 9/9
  9641 | D:8      | Noticed Amaemon
  9642 | D:8      | Noticed an orange demon
  9653 | D:8      | Killed Amaemon
  9658 | D:8      | Killed an orange demon
  9974 | D:8      | Reached skill level 13 in Axes
  9999 | D:8      | Noticed Psyche
 10008 | D:8      | Killed Psyche
 10377 | D:8      | Reached skill level 14 in Axes
 10621 | D:8      | Noticed a two-headed ogre
 10627 | D:8      | Killed a two-headed ogre
 11080 | D:9      | Reached XP level 11. HP: 85/97 MP: 10/10
 11267 | D:9      | Reached **** piety under Trog
 11274 | D:9      | Noticed Grum
 12000 | D:9      | Killed Grum
 12073 | D:9      | Identified the +9 short sword of the Sugar Beet {flame,
                  | rF+}
 12077 | D:9      | Noticed a two-headed ogre
 12086 | D:9      | Killed a two-headed ogre
 12087 | D:9      | Reached skill level 5 in Stealth
 12247 | D:9      | Found a radiant altar of Vehumet.
 12266 | D:9      | Reached skill level 15 in Axes
 12323 | D:9      | Found Mulewa's Antique Armour Shop.
 12458 | D:9      | Found a blossoming altar of Fedhas.
 12459 | D:9      | Found a bloodstained altar of Trog.
 12924 | D:10     | Entered Level 10 of the Dungeon
 12925 | D:10     | Noticed a two-headed ogre
 12928 | D:10     | Killed a two-headed ogre
 12992 | D:10     | Noticed Erolcha
 12998 | D:10     | Killed Erolcha
 12999 | D:10     | Reached skill level 10 in Fighting
 13003 | D:10     | Noticed Fannar
 13014 | D:10     | Killed Fannar
 13329 | D:10     | Reached skill level 16 in Axes
 13352 | D:10     | Found a staircase to the Lair.
 13413 | D:10     | Found Lufith's Armour Shop.
 13413 | D:10     | Found a staircase to the Orcish Mines.
 13414 | D:10     | Found Widegih's Weapon Shop.
 13416 | D:10     | Found the +18 Lear's hauberk
 13440 | D:10     | Found a flagged portal.
 13457 | Bailey   | Entered a bailey
 13594 | Bailey   | Reached skill level 10 in Armour
 13905 | Bailey   | Noticed a two-headed ogre
 13910 | Bailey   | Killed a two-headed ogre
 13991 | Bailey   | Reached XP level 12. HP: 99/108 MP: 11/11
 14393 | D:10     | Identified the +8 hunting sling "Upeywiji" {venom, rC+
                  | rCorr Int+3 Stlth+}
 14393 | D:10     | Noticed a centaur warrior
 14398 | D:10     | Noticed a five-headed hydra
 14400 | D:10     | Killed a centaur warrior
 14413 | D:10     | Killed an eight-headed hydra
 14416 | D:10     | Reached skill level 17 in Axes
 14425 | D:10     | Identified the amulet "Zoywuwkol" {Spirit Will++}
 14497 | D:10     | Noticed a centaur warrior
 14505 | D:10     | Killed a centaur warrior
 14569 | D:10     | Noticed an ogre mage
 14899 | D:10     | Paralysed by an ogre mage for 5 turns
 14907 | D:10     | Killed an ogre mage
 15287 | D:10     | Identified the +0 helmet "Qog Qaps" {rF++}
 15835 | D:10     | Noticed a two-headed ogre
 15842 | D:10     | Killed a two-headed ogre
 17378 | D:11     | Noticed Sonja
 18421 | D:12     | Found Nyggint's Jewellery Boutique.
 18456 | D:12     | Noticed a two-headed ogre
 18464 | D:12     | Reached skill level 1 in Slings
 18473 | D:12     | Killed a two-headed ogre
 18690 | D:12     | Reached skill level 18 in Axes
 18714 | D:12     | Reached XP level 13. HP: 118/118 MP: 12/12
 18750 | D:12     | Reached ***** piety under Trog
 18953 | D:12     | Found a snail-covered altar of Cheibriados.
 19063 | D:12     | Identified the +0 ring mail "Gaiwku" {rCorr SInv}
 20446 | D:13     | Noticed Nessos
 20452 | D:13     | Reached skill level 19 in Axes
 20467 | D:13     | Killed Nessos
 20876 | D:13     | Noticed Frances
 20889 | D:13     | Killed Frances
 20891 | D:13     | Found a runed translucent door.
 21148 | D:13     | Noticed an ettin
 21148 | D:13     | Noticed Fugryada's ghost (journeyman VSEn)
 21247 | D:13     | Found a gate to the Vaults.
 21466 | D:13     | Identified a scroll of acquirement
 21630 | D:13     | Acquired a +2 executioner's axe of flaming
 21958 | Lair:1   | Entered Level 1 of the Lair of Beasts
 22170 | Lair:1   | Identified the +4 ring mail of Valour {rPois Will+++ Int-2
                  | Dex-4}
 22705 | Lair:2   | Reached skill level 20 in Axes
 23285 | Lair:3   | Reached XP level 14. HP: 108/129 MP: 11/13
 23421 | Lair:3   | Found a staircase to the Snake Pit.
 23517 | Lair:3   | Found a frozen archway.
 23531 | IceCv    | Entered an ice cave
 24355 | IceCv    | Noticed a reaper
 24364 | IceCv    | Killed a reaper
 25832 | Lair:4   | Reached skill level 21 in Axes
 26099 | Lair:4   | Found a staircase to the Swamp.
 26577 | Lair:4   | Received a gift from Trog
 28037 | Lair:6   | Entered Level 6 of the Lair of Beasts
 28418 | Lair:6   | Reached skill level 22 in Axes
 28701 | Lair:6   | Reached XP level 15. HP: 139/139 MP: 14/14
 28775 | Lair:6   | Reached skill level 15 in Fighting
 29104 | Lair:6   | Identified the +4 flail of Gehenna {venom, rElec rPois
                  | rCorr}
 29727 | Lair:6   | Found a runed translucent door.
 29727 | Lair:6   | Found a viscous altar of Jiyva.
 29729 | Lair:6   | Found a staircase to the Slime Pits.
 30228 | Orc:1    | Entered Level 1 of the Orcish Mines
 30235 | Orc:1    | Reached ****** piety under Trog
 30289 | Orc:1    | Noticed Urug
 30299 | Orc:1    | Killed Urug
 30599 | Orc:1    | Found Faisabrapt's General Store.
 30609 | Orc:1    | Bought a potion of haste for 130 gold pieces
 30609 | Orc:1    | Bought a scroll of fear for 45 gold pieces
 30609 | Orc:1    | Bought a potion of curing for 39 gold pieces
 30609 | Orc:1    | Bought a potion of cancellation for 104 gold pieces
 30712 | Orc:2    | Entered Level 2 of the Orcish Mines
 30732 | Orc:2    | Found Zissar's Assorted Antiques.
 30798 | Orc:2    | Found Tyishoa's Tempting Trifles.
 31720 | Orc:2    | Reached skill level 23 in Axes
 34777 | Orc:2    | Found Ycrenerr's Armour Shoppe.
 34777 | Orc:2    | Found Domnali Zuju's Antique Weapon Boutique.
 34779 | Orc:2    | Found Editzuap's Jewellery Shop.
 34781 | Orc:2    | Found Garoth's Jewellery Emporium.
 34839 | Orc:2    | Found a staircase to the Elven Halls.
 35465 | D:13     | Killed Fugryada's ghost
 35465 | D:13     | Received a gift from Trog
 36462 | D:11     | Killed Sonja
 37319 | D:14     | Noticed Louise
 37336 | D:14     | Killed Louise
 38339 | D:14     | Noticed Jorgrun
 38349 | D:14     | Killed Jorgrun
 38602 | D:14     | Found a portal to a secret trove of treasure.
 38633 | D:15     | Entered Level 15 of the Dungeon
 39086 | D:15     | Reached skill level 24 in Axes
 39131 | D:15     | Reached XP level 16. HP: 147/152 MP: 15/15
 39137 | D:15     | Found a staircase to the Depths.
 39726 | Temple   | Entered the Ecumenical Temple
 40024 | Elf:1    | Entered Level 1 of the Elven Halls
 40031 | Elf:1    | Received a gift from Trog
 40547 | Elf:1    | Found Heric's Jewellery Shoppe.
 40552 | Elf:1    | Bought the ring "Imoerphe" {Drain rF+ Int+3 Dex+4 Stlth+}
                  | for 526 gold pieces
 40552 | Elf:1    | Bought the amulet of Vitality {Regen+ HP+15} for 948 gold
                  | pieces
 40552 | Elf:1    | Found the amulet of Vitality {Regen+ HP+15}
 41059 | Elf:1    | Reached skill level 15 in Armour
 42186 | Swamp:1  | Entered Level 1 of the Swamp
 42364 | Swamp:1  | Constricted to death by a shambling mangrove

Illustrated notes

Levels and vault maps discovered:
D:1:      evilmike_arrival_crescent, layout_basic, chequers_big_river,
          minmay_lizard_pond
D:2:      layout_basic, ebering_ecumenical_altar_mist
D:3:      layout_loops_ring, amethyst_overflow_temple_binary
D:4:      layout_loops_ring, kennysheep_windowed_goal
D:5:      layout_loops_corners, minmay_temple_entry_trees, feat_on_display
D:6:      layout_basic, grunt_temple_overflow_order_and_chaos_1, uniq_menkaure,
          uniq_blork_the_orc, uniq_maggie
D:7:      layout_loops_corners, mainiacjoe_overflow_alcove_2,
          nicolae_ru_great_annihilating_truth
D:8:      layout_basic, uniq_gastronok, uniq_amaemon, uniq_psyche
D:9:      layout_rooms, mainiacjoe_overflow_chevrons,
          chequers_temple_overflow_statue_of_worship, serial_shops,
          shop_fountains, uniq_grum
D:10:     minmay_the_grid_triangle_9x9_recursive_2
          [minmay_the_grid_triangle_9x9_prize_schism,
          minmay_the_grid_triangle_9x9_descending_squares,
          minmay_the_grid_triangle_9x9_dagger,
          minmay_the_grid_triangle_9x9_stretched_checkered], layout_loops_cross,
          orc_david_3, enter_bailey_5, kennysheep_cluttered_room, uniq_erolcha,
          uniq_fannar
D:11:     nicolae_whirlpool, layout_irregular_city, uniq_sonja
D:12:     layout_gridville, serial_shops, shop, slow_altar_2
D:13:     layout_loops_corners, hangedman_vaults_entry_quadrant_bands,
          ebering_ghost_inner_flame, uniq_frances, uniq_nessos
D:14:     layout_long_grid, grunt_decor_mini_mirrors,
          nicolae_trove_entry_columns, minmay_misc_feat_tiny, uniq_jorgrun,
          uniq_louise
D:15:     gammafunk_enter_depths_forms, layout_rooms, grunt_decor_fettered
Temple:   cyrus_circular_temple
Lair:1:   layout_roguey, infiniplex_staircase_pool_2
Lair:2:   layout_cave_shapes, minmay_hedge_maze, grunt_megastairs_1,
          infiniplex_staircase_pool, lemuel_fruit_fields
Lair:3:   layout_gridlike, guppyfry_snake_entry_island,
          portal_ice_cave_demonic_guard, evilmike_ambush
          [evilmike_ambush_outer_basic, evilmike_ambush_inner_basic]
Lair:4:   layout_hall_layers, nicolae_swamp_entry_splash_gauntlet
Lair:5:   layout_roguey, chequers_serial_rivers_room_a, minivault_23,
          grunt_megastairs_5, lemuel_fruit_fields
Lair:6:   minmay_lair_end_enchanted_forest, layout_loops_ring, slime_altar_2,
          dreamdust_gnoll_shepherd, serial_bayou_shore_a
Swamp:1:  layout_basic_swamp, evilmike_swamp_ruin_house_5, swamp_pool5,
          nicolae_swamp_round_clearing, nicolae_swamp_little_swirl
Orc:1:    layout_diamond_mine, serial_shops, nicolae_lakefront_shop, uniq_urug
Orc:2:    st_orc_rangers, layout_caves, serial_shops, shop, basic_altar,
          nicolae_alphabet_shops
Elf:1:    nicolae_elf_arrival_fired_up, layout_gridlike, serial_shops, shop,
          minmay_elf_sorcery, corexii_leaking_fountain

Skill      XL: |  1  2  3  4  5  6  7  8  9 10 11 12 13 14 15 16 |
---------------+-------------------------------------------------+-----
Fighting       | 4 5 6 7 8 9 10 12 13 14 16 17 | 17.8
Axes           | 4 5 6 7 8 10 12 14 16 18 20 22 24 | 24.9
Armour         | 3 6 7 10 11 12 13 14 15 | 15.3
Dodging        | 3 4 5 6 7 8 |  8.3
Stealth        | 1 2 3 4 5 |  5.2
Slings         | 2 3 |  3.0

Action                   |  1- 3 |  4- 6 |  7- 9 | 10-12 | 13-15 | 16-18 || total
-------------------------+-------+-------+-------+-------+-------+-------++-------
Melee: Hand axe          |    94 |    44 |   105 |       |       |       ||   243
       Headbutt          |    12 |     9 |    24 |    77 |   182 |    27 ||   331
       Broad axe         |       |       |    73 |    19 |       |       ||    92
       Punch             |       |       |     3 |       |       |       ||     3
       Battleaxe         |       |       |       |   358 |   108 |       ||   466
       Executioner's axe |       |       |       |       |   773 |   188 ||   961
 Fire: Hunting sling     |       |       |       |    15 |       |       ||    15
Invok: Berserk           |       |     3 |    12 |    18 |    21 |     2 ||    56
       Trog's Hand       |       |       |     1 |       |       |       ||     1
  Use: Scroll            |     8 |     4 |     5 |     5 |    12 |     1 ||    35
       Potion            |       |       |       |       |     1 |       ||     1
 Stab: Sleeping          |       |     2 |     1 |       |       |       ||     3
       Paralysed         |       |       |     1 |       |       |       ||     1
       Distracted        |       |       |       |       |       |     1 ||     1
       Confused          |       |       |       |       |       |     1 ||     1
Armor: Animal skin       |    27 |    18 |    15 |       |       |       ||    60
       Chain mail        |       |       |    91 |   243 |   663 |   131 ||  1128
Dodge: Dodged            |    61 |    11 |    89 |   284 |   598 |    82 ||  1125

Table legend: (Time is in decaauts)
 A = Elapsed time spent in this place.
 B = Non-inter-level travel time spent in this place.
 C = Inter-level travel time spent in this place.
 D = Time resting spent in this place.
 E = Time spent auto-exploring this place.
 F = Levels seen in this place.
 G = Mean time per level.
                   A        B        C        D        E       F      G
               +--------+--------+--------+--------+--------+-----+--------+
         Total |  42835 |  39454 |   3381 |  16987 |  17198 |  28 | 1529.8 |
       Dungeon |  25995 |  23803 |   2192 |  10649 |  10588 |  15 | 1733.0 |
        Temple |     59 |     50 |      9 |      0 |     42 |   1 |   59.0 |
          Lair |   7225 |   6654 |    571 |   1484 |   4013 |   6 | 1204.2 |
         Swamp |    181 |    181 |      0 |     43 |      0 |   1 |  181.0 |
  Orcish Mines |   5232 |   4666 |    566 |   2909 |    902 |   2 | 2616.0 |
   Elven Halls |   1952 |   1911 |     41 |    985 |    730 |   1 | 1952.0 |
        Bailey |    705 |    705 |      0 |    224 |    303 |   1 |  705.0 |
      Ice Cave |   1483 |   1483 |      0 |    691 |    619 |   1 | 1483.0 |
               +--------+--------+--------+--------+--------+-----+--------+

Top non-repeatable levels by time:
    D:10: 3224 daAuts
   Orc:2: 3053 daAuts
    D:11: 2909 daAuts
     D:5: 2892 daAuts
    D:13: 2845 daAuts
     D:8: 2684 daAuts
  Lair:6: 2320 daAuts
   Orc:1: 2178 daAuts
   Elf:1: 1952 daAuts
     D:7: 1626 daAuts
    D:14: 1520 daAuts
  Lair:4: 1499 daAuts
   IceCv: 1483 daAuts
     D:9: 1455 daAuts
     D:1: 1374 daAuts
